 Dungeon Crawl Stone Soup version 0.23.1 (webtiles) character file.

Game seed: 10420747015489420161

281 Kairos the Magician (level 6, -2/44 HPs)
             Began as a Gnoll Wizard on Mar 4, 2019.
             Slain by a gnoll
             ... wielding a +0 flail
              (10 damage)
             ... on level 4 of the Dungeon.
             The game lasted 00:18:08 (3190 turns).

Kairos the Magician (Gnoll Wizard)                  Turns: 3190, Time: 00:18:08

Health: -2/44      AC:  8    Str: 14    XL:     6   Next: 27%
Magic:  10/16      EV: 13    Int: 20    God:
Gold:   201        SH:  0    Dex: 14    Spells: 14/19 levels left

rFire    . . .     SeeInvis .   q - +0 hand axe (vamp)
rCold    . . .     Gourm    .   (no shield)
rNeg     . . .     Faith    .   i - +3 ring mail
rPois    .         Spirit   .   b - +0 hat
rElec    .         Reflect  .   (no cloak)
rCorr    .         Harm     .   (no gloves)
MR       .....     Rnd*Tele +   (no boots)
Stlth    ++........             (no amulet)
HPRegen  0.14/turn              u - ring of teleportation (curse)
MPRegen  0.15/turn              r - +3 ring of strength

@: no status effects
A: distributed training, fangs 1, strong nose
a: no special abilities


You were on level 4 of the Dungeon.
You were very hungry.

You visited 1 branch of the dungeon, and saw 4 of its levels.

You collected 201 gold pieces.

Inventory:

Hand Weapons
 l - a +0 whip
 q - a +0 vampiric hand axe (weapon)
Missiles
 s - 5 poisoned javelins (quivered)
 t - 4 tomahawks
Armour
 a - a +1 chain mail of fire resistance
 b - a +0 hat (worn)
 i - a +3 ring mail (worn)
Jewellery
 f - an uncursed ring of positive energy
 h - an uncursed ring of flight
 o - an uncursed ring of positive energy
 r - a +3 ring of strength (right hand)
 u - a cursed ring of teleportation (left hand)
Wands
 p - a wand of clouds (10)
Scrolls
 m - a scroll of teleportation
 w - a scroll of enchant armour
 x - a scroll of enchant weapon {unknown}
 y - a scroll of remove curse {unknown}
Potions
 c - a potion of agility {unknown}
 e - a potion of degeneration {unknown}
 g - a potion of curing {unknown}
 j - 2 potions of brilliance {unknown}
 k - a potion of lignification {unknown}
 n - a potion of might {unknown}
 v - a potion of heal wounds {unknown}
Comestibles
 d - 10 rations


   Skills:
 + Level 1.8 Fighting
 + Level 1.8 Short Blades
 + Level 1.8 Long Blades
 + Level 1.8 Axes
 + Level 1.8 Maces & Flails
 + Level 1.8 Polearms
 + Level 1.8 Staves
 + Level 1.8 Slings
 + Level 1.8 Bows
 + Level 1.8 Crossbows
 + Level 1.8 Throwing
 + Level 1.8 Armour
 + Level 4.9 Dodging
 + Level 4.5 Stealth
 + Level 1.8 Shields
 + Level 1.8 Unarmed Combat
 + Level 7.4 Spellcasting
 + Level 2.6 Conjurations
 + Level 1.4 Hexes
 + Level 1.4 Charms
 + Level 2.6 Summonings
 + Level 1.4 Necromancy
 + Level 2.6 Translocations
 + Level 1.4 Transmutations
 + Level 1.4 Fire Magic
 + Level 1.4 Ice Magic
 + Level 1.4 Air Magic
 + Level 1.4 Earth Magic
 + Level 1.4 Poison Magic
 + Level 2.0 Invocations
 + Level 1.8 Evocations


You had 14 spell levels left.
You knew the following spells:

 Your Spells              Type           Power        Failure   Level  Hunger
a - Magic Dart            Conj           ###.         6%          1    None
b - Call Imp              Summ           ###.....     10%         2    None
c - Blink                 Tloc           N/A          10%         2    None

Your spell library contained the following spells:

 Spells                   Type           Power        Failure   Level  Hunger
 Slow                     Hex            ##......     16%         2    None
 Conjure Flame            Conj/Fire      ###.....     24%         3    #......
 Mephitic Cloud           Conj/Pois/Air  ##......     26%         3    #......


Dungeon Overview and Level Annotations

Branches:
Dungeon (4/15)
 Temple: D:4-7

Altars:
Cheibriados
Yredelemnul


Innate Abilities, Weirdness & Mutations

Your experience applies equally to all skills.
You have very sharp teeth.
Your uncanny sense of smell can sniff out nearby items.


Message History

* * * LOW HITPOINT WARNING * * *
The gnoll misses you. The gnoll barely misses you.
Your crimson imp closely misses the gnoll.
Your shadow imp hits the gnoll.
You hit the gnoll but do no damage.
The gnoll is severely wounded.
You hit the gnoll.
You feel better.
You kill the gnoll!
The gnoll hits you with a +0 flail.
* * * LOW HITPOINT WARNING * * *
Unknown command.
You hit the gnoll.
You feel better.
The gnoll is severely wounded.
The gnoll barely misses you.
Your crimson imp completely misses the gnoll.
You closely miss the gnoll.
The gnoll is severely wounded.
Your crimson imp hits the gnoll but does no damage.
The gnoll hits you with a +0 flail!
You die...

* *,,,,,,,,,,,,,,*
*,,,,,,,,,,*
****,,,,,,,,,,,,,*
**,,,,,,,,,*
,,**,,,,,.,,,,,,,**
*>,,,,,,***
*,,,,,,,,..,,,,,,,*
**,,,,,,*
***,,,,,,...,,,,,,*
*****,,*
***,,,,....,,,,**
**,### *,,,,.._..,,**
*...# **,,g......####
#### *...#
*,,,.....55@.###..##
*#..#
*,**....###g.......##
#..# ** **,**#****
####......####..# ,*
*,,*
##.............##
,****,,*
##.......###.....#
_**,,,,*
#.........####.<##
,*,,,,,* #.........#
#..# ,*,,,,,*
#.........# ##.##
**,,,,,* ##........#
##.#


You could see a gnoll, a friendly crimson imp and a friendly shadow imp.

Vanquished Creatures
  An orc wizard (D:3)
  Ijyb (D:4)
  A hound skeleton (D:4)
  2 gnolls (D:4)
  5 adders
  2 oozes
  3 worms
  2 leopard geckos (D:1)
  3 orcs (D:3)
  3 giant cockroaches
  10 goblins
  9 hobgoblins
  A ball python (D:2)
  A ball python skeleton (D:4)
  5 bats
  4 frilled lizards
  5 kobolds
  12 rats
70 creatures vanquished.

Vanquished Creatures (collateral kills)
  2 orc priests
  An orc wizard (D:4)
  A worm (D:2)
  6 orcs
  4 jackals (D:3)
  A bat (D:2)
15 creatures vanquished.

Grand Total: 85 creatures vanquished

Notes
Turn   | Place    | Note
-------+----------+-------------------------------------------
     0 | D:1      | Kairos the Gnoll Wizard began the quest for the Orb.
     0 | D:1      | Reached XP level 1. HP: 13/13 MP: 8/8
   185 | D:1      | Reached XP level 2. HP: 13/19 MP: 5/10
   536 | D:1      | Reached XP level 3. HP: 25/25 MP: 5/11
   872 | D:2      | Found a basalt altar of Yredelemnul.
  1025 | D:2      | Reached skill level 1 in Invocations
  1052 | D:2      | Reached skill level 1 in Fighting
  1052 | D:2      | Reached skill level 1 in Short Blades
  1052 | D:2      | Reached skill level 1 in Long Blades
  1052 | D:2      | Reached skill level 1 in Axes
  1052 | D:2      | Reached skill level 1 in Maces & Flails
  1052 | D:2      | Reached skill level 1 in Polearms
  1052 | D:2      | Reached skill level 1 in Staves
  1052 | D:2      | Reached skill level 1 in Slings
  1052 | D:2      | Reached skill level 1 in Bows
  1052 | D:2      | Reached skill level 1 in Crossbows
  1052 | D:2      | Reached skill level 1 in Throwing
  1052 | D:2      | Reached skill level 1 in Armour
  1052 | D:2      | Reached skill level 1 in Shields
  1052 | D:2      | Reached skill level 1 in Unarmed Combat
  1052 | D:2      | Reached skill level 1 in Evocations
  1052 | D:2      | Reached XP level 4. HP: 29/32 MP: 4/13
  1324 | D:2      | Learned a level 2 spell: Call Imp
  1422 | D:2      | Learned a level 2 spell: Blink
  1511 | D:2      | Reached skill level 1 in Hexes
  1511 | D:2      | Reached skill level 1 in Charms
  1511 | D:2      | Reached skill level 1 in Necromancy
  1511 | D:2      | Reached skill level 1 in Transmutations
  1511 | D:2      | Reached skill level 1 in Fire Magic
  1511 | D:2      | Reached skill level 1 in Ice Magic
  1511 | D:2      | Reached skill level 1 in Air Magic
  1511 | D:2      | Reached skill level 1 in Earth Magic
  1511 | D:2      | Reached skill level 1 in Poison Magic
  2049 | D:3      | Reached XP level 5. HP: 37/37 MP: 6/14
  2876 | D:4      | Noticed Ijyb
  2906 | D:4      | Killed Ijyb
  2906 | D:4      | Reached XP level 6. HP: 33/44 MP: 14/16
  3164 | D:4      | Found a snail-covered altar of Cheibriados.
  3190 | D:4      | Slain by a gnoll

Skill      XL: |  1  2  3  4  5  6 |
---------------+-------------------+-----
Conjurations   | 2 |  2.6
Summonings     | 2 |  2.6
Translocations | 2 |  2.6
Invocations    | 1 2 |  2.0
Fighting       | 1 |  1.8
Short Blades   | 1 |  1.8
Long Blades    | 1 |  1.8
Axes           | 1 |  1.8
Maces & Flails | 1 |  1.8
Polearms       | 1 |  1.8
Staves         | 1 |  1.8
Slings         | 1 |  1.8
Bows           | 1 |  1.8
Crossbows      | 1 |  1.8
Throwing       | 1 |  1.8
Armour         | 1 |  1.8
Shields        | 1 |  1.8
Unarmed Combat | 1 |  1.8
Evocations     | 1 |  1.8
Hexes          | 1 |  1.4
Charms         | 1 |  1.4
Necromancy     | 1 |  1.4
Transmutations | 1 |  1.4
Fire Magic     | 1 |  1.4
Ice Magic      | 1 |  1.4
Air Magic      | 1 |  1.4
Earth Magic    | 1 |  1.4
Poison Magic   | 1 |  1.4
Dodging        | |  4.9
Stealth        | |  4.5
Spellcasting   | |  7.4

Action                   |  1- 3 |  4- 6 || total
-------------------------+-------+-------++-------
Melee: Club              |    21 |     8 ||    29
       Whip              |       |    15 ||    15
       Bite              |       |     9 ||     9
       Hand axe          |       |    82 ||    82
 Cast: Magic Dart        |    68 |    87 ||   155
       Call Imp          |       |    19 ||    19
  Use: Scroll            |       |     7 ||     7
 Stab: Sleeping          |       |     2 ||     2
  Eat: Ration            |       |     3 ||     3
Armor: Robe              |     2 |       ||     2
       Ring mail         |     9 |    45 ||    54
Dodge: Dodged            |    18 |    74 ||    92
